2305 views
Uploaded 2021-08-30 11:23:49
Game version 1.32.10
4:02 long 2on2 ladder game on (4)CentaurGrove
Saved by lowlyworm
2305 views
Uploaded 2021-08-30 11:23:49
Game version 1.32.10
4:02 long 2on2 ladder game on (4)CentaurGrove

25 units @ 2.6k
/ 0.1k
12 buildings @ 2k
/ 0.5k

| Peon | 9 | 675 | / | 0 |
| Troll Headhunter | 5 | 700 | / | 100 |
| total: | 14 | 1375g | / | 100w |
| Altar of Storms | 1 | 180 | / | 50 |
| Orc Burrow | 2 | 320 | / | 80 |
| War Mill | 1 | 205 | / | 0 |
| Barracks | 1 | 180 | / | 50 |
| Voodoo Lounge | 1 | 130 | / | 30 |
| Stronghold | 1 | 315 | / | 190 |
| total: | 6 | 1015g | / | 210w |
| 0:06 | Peon |
| 0:06 | Peon |
| 0:11 | Altar of Storms |
| 0:22 | Orc Burrow |
| 0:27 | Peon |
| 0:49 | War Mill |
| 0:52 | Peon |
| 1:11 | Barracks |
| 1:22 | Peon |
| 1:39 | Peon |
| 1:44 | Orc Burrow |
| 1:45 | Peon |
| 1:52 | Peon |
| 2:17 | Troll Headhunter |
| 2:18 | Troll Headhunter |
| 2:21 | Feral Spirit |
| 2:49 | Troll Headhunter |
| 2:53 | Peon |
| 3:22 | Troll Headhunter |
| 3:26 | Stronghold |
| 3:57 | Troll Headhunter |
| 4:00 | Voodoo Lounge |
| Right click | 99 |
| Select | 69 |
| Select group | 66 |
| Chat | 61 |
| Misc. action | 28 |
| Assign group | 24 |
| Build/train/purchase | 19 |
| Remove unit | 1 |

| Healing Salve | 1 | 100 |
| Lesser Clarity Potion | 1 | 70 |
| Scroll of Speed | 1 | 50 |
| total: | 3 | 220g |
| Peon | 8 | 600 | / | 0 |
| Grunt | 3 | 600 | / | 0 |
| total: | 11 | 1200g | / | 0w |
| Altar of Storms | 1 | 180 | / | 50 |
| Orc Burrow | 3 | 480 | / | 120 |
| Voodoo Lounge | 1 | 130 | / | 30 |
| Barracks | 1 | 180 | / | 50 |
| Stronghold | 2 | 630 | / | 380 |
| total: | 6 | 970g | / | 250w |
| 0:02 | Peon |
| 0:02 | Peon |
| 0:10 | Altar of Storms |
| 0:19 | Orc Burrow |
| 0:27 | Peon |
| 0:34 | Peon |
| 1:06 | Voodoo Lounge |
| 1:16 | Peon |
| 1:19 | Barracks |
| 1:37 | Peon |
| 1:59 | Orc Burrow |
| 2:02 | Peon |
| 2:13 | Healing Salve |
| 2:14 | Lesser Clarity Potion |
| 2:18 | Scroll of Speed |
| 2:27 | Peon |
| 2:28 | Grunt |
| 2:39 | Wind Walk |
| 3:15 | Stronghold |
| 3:17 | Grunt |
| 3:36 | Orc Burrow |
| 3:59 | Grunt |
| Right click | 159 |
| Chat | 142 |
| Select group | 107 |
| Select | 50 |
| Build/train/purchase | 27 |
| Assign group | 6 |
| Minimap ping | 6 |
/ 0k
15 buildings @ 2k
/ 0.5k

| Wisp | 12 | 720 | / | 0 |
| Archer | 4 | 520 | / | 40 |
| total: | 16 | 1240g | / | 40w |
| Altar of Elders | 1 | 180 | / | 50 |
| Moon Well | 4 | 720 | / | 160 |
| Ancient of War | 1 | 150 | / | 60 |
| Ancient of Wonders | 1 | 90 | / | 30 |
| Tree of Ages | 1 | 320 | / | 180 |
| total: | 7 | 1140g | / | 300w |
| 0:01 | Wisp |
| 0:05 | Altar of Elders |
| 0:10 | Wisp |
| 0:17 | Moon Well |
| 0:22 | Wisp |
| 0:38 | Ancient of War |
| 0:41 | Wisp |
| 0:45 | Wisp |
| 0:58 | Wisp |
| 1:13 | Wisp |
| 1:22 | Moon Well |
| 1:29 | Wisp |
| 1:40 | Archer |
| 1:42 | Wisp |
| 2:16 | Archer |
| 2:17 | Archer |
| 2:18 | Wisp |
| 2:19 | Wisp |
| 2:30 | Mana Burn |
| 2:36 | Ancient of Wonders |
| 2:40 | Wisp |
| 2:41 | Archer |
| 3:14 | Tree of Ages |
| 3:39 | Moon Well |
| 3:43 | Moon Well |
| Right click | 102 |
| Select | 69 |
| Build/train/purchase | 19 |
| Assign group | 9 |
| Select group | 7 |
| Use ability | 3 |
| Misc. action | 1 |
| Remove unit | 1 |

| Peasant | 9 | 675 | / | 0 |
| Footman | 7 | 945 | / | 0 |
| total: | 16 | 1620g | / | 0w |
| Scout Tower | 1 | 30 | / | 20 |
| Altar of Kings | 1 | 180 | / | 50 |
| Farm | 4 | 320 | / | 80 |
| Barracks | 1 | 160 | / | 60 |
| Arcane Vault | 1 | 130 | / | 30 |
| total: | 8 | 820g | / | 240w |
| 0:05 | Altar of Kings |
| 0:08 | Peasant |
| 0:08 | Peasant |
| 0:08 | Peasant |
| 0:25 | Farm |
| 0:35 | Peasant |
| 0:41 | Barracks |
| 0:52 | Farm |
| 0:58 | Peasant |
| 1:25 | Peasant |
| 1:27 | Peasant |
| 1:40 | Farm |
| 1:42 | Farm |
| 1:43 | Footman |
| 1:43 | Footman |
| 1:45 | Peasant |
| 2:05 | Peasant |
| 2:08 | Holy Light |
| 2:15 | Arcane Vault |
| 2:37 | Footman |
| 2:37 | Footman |
| 2:37 | Footman |
| 2:48 | Footman |
| 3:12 | Footman |
| 3:16 | Scout Tower |
| Right click | 161 |
| Select | 94 |
| Build/train/purchase | 19 |
| Select group | 12 |
| Assign group | 6 |
| Chat | 4 |
| Use ability | 1 |
| Remove unit | 1 |
| Minimap ping | 1 |